 Dungeon Crawl Stone Soup version 0.30-a0-57-g8b159a9891 (webtiles) character file.

Game seed: 4513996309842863083

910 Decritt the Trooper (level 8, -4/52 HPs)
             Began as a Gargoyle Fighter on Sept 11, 2022.
             Shot with a bolt by an orc warrior (20 damage)
             ... in a bailey.
             The game lasted 00:10:06 (5857 turns).

Decritt the Trooper (Gargoyle Fighter)              Turns: 5857, Time: 00:10:06

Health: -4/52      AC: 15    Str: 22    XL:     8   Next: 8%
Magic:  8/8        EV:  4    Int:  9    God:
Gold:   290        SH: 12    Dex:  9    Spells: 7/7 levels left

rFire   . . .      SeeInvis .    a - +0 flail
rCold   . . .      Faith    .    f - +0 tower shield
rNeg    + . .      Spirit   .    k - +0 chain mail
rPois   ∞          Reflect  .    (no helmet)
rElec   +          Harm     .    (no cloak)
rCorr   .          Rampage  .    (no gloves)
Will    .....                    (no boots)
Stlth   ..........               (no amulet)
HPRegen 0.17/turn                (no ring)
MPRegen 0.11/turn                (no ring)

@: no status effects
A: sickness immunity, AC +5, negative energy resistance 1, electricity
resistance, torment resistance 1, petrification resistance
a: no special abilities


You were in a bailey.
You visited 1 branch of the dungeon, and saw 6 of its levels.
You also visited: Bailey.

You collected 290 gold pieces.

Inventory:

Hand Weapons
 a - a +0 flail (weapon)
 l - a +2 dagger of venom
 u - a +0 whip
Armour
 b - a +0 scale mail
 c - a +1 buckler
 f - a +0 tower shield (worn)
 k - a +0 chain mail (worn)
Wands
 r - a wand of flame (22)
Scrolls
 e - 2 scrolls of teleportation
 h - 2 scrolls of fog
 i - a scroll of torment
 p - a scroll of immolation
Potions
 d - 2 potions of might
 g - a potion of curing
 j - a potion of lignification {unknown}
 n - a potion of haste {unknown}
 o - 2 potions of flight
 s - 3 potions of mutation
 t - 3 potions of heal wounds {unknown}


   Skills:
 * Level 6.5 Fighting
 * Level 5.5 Maces & Flails
 + Level 5.1 Armour
 + Level 5.0 Shields


You had 7 spell levels left.
You didn't know any spells.
Your spell library contained the following spells:

 Spells                   Type           Power      Damage    Failure   Level
 Gell's Gravitas          Tloc           0%         N/A       100%        3
 Teleport Other           Tloc           0%         N/A       100%        3
 Dispersal                Tloc           0%         N/A       100%        6
 Borgnjor's Revivificati  Necr           0%         N/A       100%        8
 Necromutation            Tmut/Necr      0%         N/A       100%        8
 Death's Door             Necr           0%         N/A       100%        9


Dungeon Overview and Level Annotations

Branches:
Dungeon (5/15)             Bailey (1/1)
 Temple: D:4-7

Altars:
Xom

Annotations:
D:5 1 runed translucent door, knorpule3000's ghost, novice PaWr


Innate Abilities, Weirdness & Mutations

You are immune to sickness and miasma.
Your stone body is resilient. (AC +5)
You are immune to poison.
You resist negative energy. (rN+)
You are resistant to electric shocks. (rElec)
You are resistant to unholy torment.
You are immune to petrification.


Message History

The orc shoots a bolt.
You block the bolt.
The orc warrior shoots a bolt.
You block the bolt.
The orc shoots a bolt.
The bolt hits you!
The orc shoots a bolt.
You block the bolt.
The orc shoots a bolt.
The bolt hits you but does no damage.
The orc unwields a +0 arbalest.
You block the orc's attack.
The orc warrior unwields a +0 arbalest.
The orc warrior hits you.
You hit the orc warrior.
The orc warrior is lightly wounded.
The orc shoots a bolt.
The bolt barely misses you. The orc hits you but does no damage.
The orc warrior hits you but does no damage.
You closely miss the orc warrior.
The orc warrior is lightly wounded.
The orc shoots a bolt.
You block the bolt. You block the orc warrior's attack.
You block the orc's attack.
The orc shoots a bolt.
The bolt hits you.
You thump the orc warrior!
The orc warrior is heavily wounded.
The orc warrior hits you but does no damage.
You block the orc's attack.
The orc shoots a bolt.
The bolt hits you!
* * * LOW HITPOINT WARNING * * *
You block the orc's attack.
The orc warrior hits you but does no damage.
You closely miss the orc warrior.
The orc warrior is heavily wounded.
The orc shoots a bolt.
The bolt hits you but does no damage. The orc warrior hits you!
* * * LOW HITPOINT WARNING * * *
You block the orc's attack.
The orc shoots a bolt.
You block the bolt.
You barely miss the orc warrior.
The orc warrior is heavily wounded.
You block the orc warrior's attack. You block the orc's attack. x2
The orc warrior hits you.
* * * LOW HITPOINT WARNING * * *
The orc warrior attacks as you move away!
The orc warrior hits you but does no damage.
The orc wields a +0 arbalest.
The orc shoots a bolt.
The bolt barely misses you.
The orc warrior wields a +0 arbalest.
The orc warrior shoots a bolt.
The bolt hits you!!
You die...

#............
#............
#............
#............
#............
#............
#....oo≈≈o≈≈≈
#.....≈≈# ##
#....@≈##o∩#≈
#.....≈#.....
#.....≈##.##≈
#.....≈≈###≈≈.
#......≈≈≈≈≈..
#.............
#.............
#.∩...........
#∩............


You could see 2 orc warriors and an orc.

Vanquished Creatures
  Eustachio (D:4)
  An ice beast (D:5)
  A black bear (D:5)
  A phantom (D:3)
  2 necrophages
  A scorpion (D:5)
  An orc priest (D:4)
  2 orc wizards
  An iguana (D:5)
  4 gnolls (D:1)
  7 adders
  2 worms
  A dart slug (D:2)
  20 orcs
  9 endoplasms
  4 giant cockroaches
  7 goblins
  6 hobgoblins
  3 jackals (D:3)
  3 kobolds
  2 quokkas (D:3)
  13 ball pythons
  6 bats
  7 frilled lizards
  4 rats
109 creatures vanquished.

Vanquished Creatures (others)
  A withered plant (D:3)
1 creature vanquished.

Grand Total: 110 creatures vanquished

Notes
Turn   | Place    | Note
-------+----------+-------------------------------------------
     0 | D:1      | Decritt the Gargoyle Fighter began the quest for the Orb.
     0 | D:1      | Reached XP level 1. HP: 14/14 MP: 1/1
   384 | D:1      | Reached XP level 2. HP: 19/19 MP: 2/2
   792 | D:1      | Reached XP level 3. HP: 21/24 MP: 3/3
  1208 | D:1      | Reached skill level 4 in Fighting
  1208 | D:1      | Reached XP level 4. HP: 15/29 MP: 4/4
  1928 | D:2      | Reached XP level 5. HP: 34/34 MP: 5/5
  2270 | D:3      | Found a faded altar of an unknown god.
  3222 | D:4      | Reached XP level 6. HP: 23/40 MP: 6/6
  3249 | D:4      | Noticed Eustachio
  3289 | D:3      | HP: 1/40 [phantom (6)]
  3301 | D:3      | Reached skill level 5 in Fighting
  3825 | D:4      | Found a shimmering altar of Xom.
  4069 | D:4      | Killed Eustachio
  4070 | D:4      | Reached XP level 7. HP: 39/45 MP: 7/7
  4221 | D:5      | Entered Level 5 of the Dungeon
  4375 | D:5      | Reached skill level 6 in Fighting
  4379 | D:5      | Reached skill level 5 in Maces & Flails
  5111 | D:5      | Reached skill level 5 in Armour
  5293 | D:5      | Reached skill level 5 in Shields
  5293 | D:5      | Reached XP level 8. HP: 20/52 MP: 8/8
  5508 | D:5      | Found a runed translucent door.
  5509 | D:5      | Noticed knorpule3000's ghost (novice PaWr)
  5787 | D:5      | You fall into a shaft and drop 3 floors!
  5824 | D:8      | Found a flagged portal.
  5833 | Bailey   | Entered a bailey
  5857 | Bailey   | Shot with a bolt by an orc warrior

Illustrated notes

Levels and vault maps discovered:
D:1:      ncdulo_wetmaze, layout_basic, dreamdust_princess_bridge, minmay_cupped
D:2:      layout_rooms, hangedman_decor_clover_reticule
D:3:      layout_basic, shapermc_ecumenical_altar_flowoftime
D:4:      layout_cave_pools, xom_butterflies, serial_column_ruins,
          column_ruins_columns_straight, column_ruins_grid_4,
          column_ruins_grid_3, column_ruins_corridor_straight,
          column_ruins_open_tiny, uniq_eustachio
D:5:      layout_basic, nicolae_ossuary_entry_plus, ebering_ghost_inner_flame
D:8:      layout_loops_ring, mainiacjoe_overflow_alcove_2, lair_entry_dummy,
          enter_bailey_8, uniq_erica
Bailey:   bailey_polearm_2, bailey

Skill      XL: |  1  2  3  4  5  6  7 |
---------------+----------------------+-----
Fighting       | 4 5 6 |  6.5
Maces & Flails | 3 4 5 |  5.5
Armour         | 4 5 |  5.1
Shields        | 4 5 |  5.0

Action                   |  1- 3 |  4- 6 |  7- 9 || total
-------------------------+-------+-------+-------++-------
Melee: Flail             |    58 |       |    12 ||    70
       Dagger            |    18 |   270 |   121 ||   409
  Use: Scroll            |       |     4 |     8 ||    12
       Potion            |       |     1 |       ||     1
Armor: Scale mail        |    31 |       |       ||    31
       Chain mail        |    18 |   189 |    83 ||   290
Dodge: Dodged            |    41 |    81 |    41 ||   163
Block: Buckler           |    15 |    41 |    20 ||    76
       Tower shield      |       |       |    42 ||    42

Table legend: (Time is in decaauts)
 A = Elapsed time spent in this place.
 B = Non-inter-level travel time spent in this place.
 C = Inter-level travel time spent in this place.
 D = Time resting spent in this place.
 E = Time spent auto-exploring this place.
 F = Levels seen in this place.
 G = Mean time per level.
                   A        B        C        D        E       F      G
               +--------+--------+--------+--------+--------+-----+--------+
         Total |   5921 |   5808 |    113 |   1272 |   3477 |   7 |  845.9 |
       Dungeon |   5895 |   5782 |    113 |   1272 |   3477 |   6 |  982.5 |
        Bailey |     26 |     26 |      0 |      0 |      0 |   1 |   26.0 |
               +--------+--------+--------+--------+--------+-----+--------+

Top non-repeatable levels by time:
     D:5: 1590 daAuts
     D:1: 1530 daAuts
     D:3: 1402 daAuts
     D:4: 811 daAuts
     D:2: 514 daAuts
     D:8: 45 daAuts
  Bailey: 26 daAuts
